 Dungeon Crawl Stone Soup version 0.25.0-37-gb73750e0fb (webtiles) character file.

Game seed: 8631019213606566493

67 H0rd4k the Magician (level 3, -1/19 HPs)
             Began as a Deep Elf Wizard on July 9, 2020.
             Killed by nerve-wracking pain
             ... invoked by an orc priest
              (13 damage)
             ... on level 2 of the Dungeon.
             The game lasted 00:02:34 (1394 turns).

H0rd4k the Magician (Deep Elf Wizard)               Turns: 1394, Time: 00:02:36

Health: -1/19      AC:  2    Str:  4    XL:     3   Next: 98%
Magic:  3/12       EV: 13    Int: 23    God:
Gold:   26         SH:  0    Dex: 13    Spells: 11/14 levels left

rFire    . . .     SeeInvis .   f - +0 dagger (drain)
rCold    . . .     Gourm    .   (no shield)
rNeg     . . .     Faith    .   a - +0 robe
rPois    .         Spirit   .   b - +0 hat
rElec    .         Reflect  .   e - scarf {harm}
rCorr    .         Harm     +   (no gloves)
MR       .....                  (no boots)
Stlth    ++........             (no amulet)
HPRegen  0.06/turn              (no ring)
MPRegen  0.13/turn              (no ring)

@: no status effects
A: no striking features
a: no special abilities


You were on level 2 of the Dungeon.
You were not hungry.

You visited 1 branch of the dungeon, and saw 2 of its levels.

You collected 26 gold pieces.

Inventory:

Hand Weapons
 f - a +0 dagger of draining (weapon)
Armour
 a - a +0 robe (worn)
 b - a +0 hat (worn)
 e - a scarf of harm (worn)
Jewellery
 o - an uncursed ring of see invisible {unknown}
Scrolls
 c - 2 scrolls of fog {unknown}
 i - a scroll of remove curse {unknown}
 j - a scroll of enchant weapon {unknown}
 k - 3 scrolls of teleportation {unknown}
 l - a scroll of identify {unknown}
Potions
 g - a potion of haste {unknown}
 h - a potion of mutation {unknown}
 m - a potion of curing {unknown}
 p - a potion of degeneration {unknown}
Comestibles
 d - 3 rations
 n - 2 chunks of flesh


   Skills:
 + Level 2.8 Dodging
 + Level 2.6 Stealth
 + Level 6.1 Spellcasting
 + Level 1.9 Conjurations
   Level 1.1 Summonings
 + Level 1.1 Translocations


You had 11 spell levels left.
You knew the following spells:

 Your Spells              Type           Power        Failure   Level  Hunger
a - Magic Dart            Conj           ###.         3%          1    None
b - Blink                 Tloc           N/A          9%          2    None

Your spell library contained the following spells:

 Spells                   Type           Power        Failure   Level  Hunger
 Call Imp                 Summ           ##......     9%          2    None
 Slow                     Hex            #.......     13%         2    None
 Conjure Flame            Conj/Fire      ##......     17%         3    #......
 Mephitic Cloud           Conj/Pois/Air  ##......     19%         3    #......


Dungeon Overview and Level Annotations

Branches:
Dungeon (2/15)

Altars:
The Shining One


Message History

Casting: Magic Dart (safe; 3% risk of failure)
Confirm with . or Enter, or press ? or * to list all spells.
Aiming: Magic Dart (safe; 3% risk of failure)
Press: ? - help, Shift-Dir - straight line, f/p - orc
Aim: an orc, wielding a +0 short sword and wearing a +0 leather armour (severely wounded)
The magic dart hits the orc.
The orc is almost dead.
Casting: Magic Dart (safe; 3% risk of failure)
Confirm with . or Enter, or press ? or * to list all spells.
Aiming: Magic Dart (safe; 3% risk of failure)
Press: ? - help, Shift-Dir - straight line, f/p - orc
Aim: an orc, wielding a +0 short sword and wearing a +0 leather armour (almost dead)
The magic dart hits the orc.
You kill the orc!
The orc throws a silver boomerang.
The silver boomerang misses you.
The weapon returns to the orc!
The orc priest invokes the aid of Beogh against you.
Pain shoots through your body!
Ouch! That really hurt!
You die...

##.####### .#
#.############# .#
#.......##....# .#
#######.##....# .#
#.##....# .# ####
#.##....# .#.o...
#.##....####o..)...
#.#......).†o......
#.#....@#####......
#.#.....# .....
#.#.##### ....
#.#.# ... #.#.#####
## #.......#
#.......# #...(...#
#.#.......


You could see an orc priest and an orc.

Vanquished Creatures
  An orc wizard (D:2)
  An ooze (D:2)
  A leopard gecko (D:1)
  An orc (D:2)
  4 giant cockroaches
  5 hobgoblins
  2 jackals (D:1)
  3 kobolds (D:1)
  3 bats (D:1)
  3 frilled lizards
  4 goblins
  3 rats
31 creatures vanquished.

Notes
Turn   | Place    | Note
-------+----------+-------------------------------------------
     0 | D:1      | H0rd4k the Deep Elf Wizard began the quest for the Orb.
     0 | D:1      | Reached XP level 1. HP: 10/10 MP: 7/7
   254 | D:1      | Reached skill level 5 in Spellcasting
   303 | D:1      | Reached XP level 2. HP: 15/15 MP: 8/10
   745 | D:1      | Learned a level 2 spell: Blink
  1192 | D:2      | Reached XP level 3. HP: 19/19 MP: 9/12
  1268 | D:2      | Found a glowing golden altar of the Shining One.
  1385 | D:2      | Reached skill level 6 in Spellcasting
  1394 | D:2      | Killed from afar by an orc priest

Illustrated notes

Levels and vault maps discovered:
D:1:      matt_arrival_refuge, layout_loops_ring, minmay_misc_feat_iff,
          serial_bayou_ford_a
D:2:      layout_basic, nicolae_overflow_hidden_temple

Skill      XL: |  1  2  3 |
---------------+----------+-----
Spellcasting   | 5 6 |  6.1
Dodging        | |  2.8
Stealth        | |  2.6
Conjurations   | |  1.9
Summonings     | |  1.1
Translocations | |  1.1

Action                   || total
-------------------------++-------
 Cast: Magic Dart        ||    74
  Eat: Chunk             ||     1
Armor: Robe              ||     4
Dodge: Dodged            ||    11
